Map: Darkness Sanctuary LE

Players

Nerchio - Winner!

  • Race: Zerg Zerg
  • Spawn Location: 7:00

Garitos

  • Race: Zerg Zerg
  • Spawn Location: 1:00

Event: WCS Valencia 2018

VOD

Have the link to the VOD?

Description

Time

  • Played on: July 12, 2018, 6:26 a.m.
  • Length: 14:48

All games in this series

Show
View Real Time Build Order
Export as new Build Order

Nerchio Zerg - Winner!

Build Orders: Hatch First, Muta Ling Bane 

Get SALT Encoding   

  12  0:00  Drone  
  13  0:13  Overlord  
  13  0:16  Drone  
  14  0:31  Drone x2  
  14  0:35  Drone  
  17  0:51  Hatchery  
  17  0:54  Drone  
  17  0:58  Drone  
  18  1:08  Extractor  
  17  1:13  Spawning Pool  
  17  1:16  Drone  
  17  1:19  Drone  
  18  1:29  Drone  
  19  1:38  Overlord  
  19  1:50  Drone  
  20  1:59  Queen  
  20  2:00  Zergling x2  
  23  2:03  Zergling x2, Queen  
  23  2:07  Metabolic Boost  
  26  2:11  Zergling x2  
  27  2:16  Drone  
  27  2:22  Drone  
  29  2:25  Drone  
  30  2:34  Baneling Nest, Drone  
  30  2:35  Queen  
  32  2:38  Drone  
  32  2:43  Overlord  
  33  2:47  Drone  
  34  3:04  Drone  
  35  3:05  Hatchery  
  35  3:07  Drone  
  35  3:08  Drone  
  35  3:12  Drone  
  37  3:14  Drone  
  37  3:16  Drone  
  37  3:18  Drone  
  40  3:20  Drone  
  40  3:24  Overlord  
  41  3:30  Baneling x2  
  41  3:32  Drone x2  
  43  3:34  Drone  
  43  3:41  Overlord  
  43  3:45  Lair  
  43  3:49  Drone x3  
  43  3:51  Drone  
  43  3:52  Drone  
  48  3:56  Extractor x2  
  48  3:57  Zergling x2  
  48  3:58  Zergling x2  
  48  4:13  Zergling x10  
  48  4:15  Baneling  
  48  4:16  Baneling, Overlord  
  53  4:20  Drone  
  53  4:21  Drone x3  
  53  4:22  Drone x2  
  53  4:23  Extractor  
  58  4:26  Drone  
  58  4:30  Drone  
  60  4:36  Overlord  
  60  4:38  Drone x2  
  61  4:44  Spire  
  61  4:45  Zergling x2  
  62  4:47  Baneling x2, Zergling x2  
  62  4:48  Zergling x2  
  62  4:50  Overlord  
  64  4:54  Zergling x4  
  64  4:56  Zergling x2  
  64  4:59  Zergling x2  
  64  5:00  Zergling x4  
  64  5:04  Overlord  
  64  5:05  Baneling  
  64  5:06  Baneling  
  66  5:08  Baneling  
  66  5:10  Zergling x4  
  66  5:11  Zergling x2  
  66  5:12  Zergling x2  
  66  5:14  Zergling x2  
  70  5:21  Drone x2  
  70  5:22  Drone  
  70  5:26  Baneling x2  
  70  5:27  Baneling, Spine Crawler  
  70  5:28  Spine Crawler  
  69  5:37  Zergling x12  
  67  5:43  Zergling x8  
  67  5:47  Pneumatized Carapace  
  67  5:56  Mutalisk x2  
  67  5:57  Mutalisk  
  63  6:00  Mutalisk  
  63  6:01  Mutalisk  
  64  6:04  Mutalisk  
  64  6:07  Zergling x4  
  66  6:14  Zergling x4  
  66  6:16  Zergling x4  
  66  6:17  Mutalisk  
  66  6:28  Mutalisk  
  66  6:30  Drone x3  
  66  6:32  Drone x2  
  69  6:39  Drone  
  66  6:40  Drone  
  66  6:43  Drone  
  66  6:45  Drone  
  63  6:48  Drone  
  63  6:52  Drone  
  63  6:53  Drone  
  60  6:58  Mutalisk  
  62  7:07  Zerg Flyer Weapons Level 1  
  62  7:10  Zergling x10  
  67  7:19  Drone x3  
  67  7:20  Drone x2  
  72  7:35  Hatchery, Queen  
  73  7:38  Queen  
  75  7:47  Drone x5  
  80  7:51  Overseer  
  80  7:55  Mutalisk  
  80  7:57  Mutalisk  
  84  8:00  Overlord  
  82  8:13  Overlord  
  82  8:16  Drone  
  81  8:20  Drone x2, Evolution Chamber  
  80  8:31  Drone x2  
  82  8:34  Queen  
  82  8:41  Drone x2  
  82  8:44  Extractor  
  82  8:47  Extractor, Queen  
  82  8:48  Drone x5  
  87  8:49  Drone x2  
  91  8:58  Centrifical Hooks  
  91  9:02  Zerg Melee Weapons Level 1  
  91  9:05  Mutalisk  
  91  9:06  Hatchery  
  92  9:10  Mutalisk  
  92  9:11  Mutalisk  
  92  9:14  Overlord  
  96  9:17  Overlord  
  96  9:19  Overlord  
  96  9:23  Mutalisk  
  97  9:24  Mutalisk  
  97  9:26  Mutalisk  
  101  9:32  Overlord x2  
  101  9:37  Zergling x10  
  106  9:39  Zergling x2  
  106  9:43  Zerg Flyer Weapons Level 2  
  107  9:48  Mutalisk x2  
  111  9:56  Drone x2  
  111  9:57  Drone x2  
  111  9:59  Drone x3  
  118  10:05  Zergling x2  
  118  10:06  Zergling x4  
  121  10:09  Mutalisk  
  121  10:10  Mutalisk  
  121  10:11  Mutalisk  
  127  10:17  Overlord  
  122  10:25  Mutalisk  
  122  10:26  Mutalisk  
  122  10:28  Drone x2  
  127  10:29  Drone x3  
  127  10:30  Drone x2  
  127  10:31  Drone  
  127  10:33  Overlord  
  133  10:42  Mutalisk x3  
  124  10:44  Mutalisk  
  124  10:48  Baneling x5  
  124  10:49  Baneling  
  132  10:52  Zergling x2  
  132  10:53  Zergling x4  
  132  10:56  Zergling x6  
  138  11:01  Zerg Melee Weapons Level 2  
  138  11:06  Zergling x2  
  138  11:07  Zergling x10  
  144  11:13  Baneling x7  
  140  11:22  Zergling x2  
  140  11:23  Zergling x18  
  150  11:26  Baneling  
  150  11:27  Baneling x7  
  150  11:30  Baneling x6  
  150  11:31  Baneling  
  150  11:32  Baneling x2  
  150  11:36  Overlord  
  150  11:39  Baneling  
  150  11:40  Zergling x10  
  150  11:45  Zergling x8  
  157  11:56  Zergling x2  
  157  11:57  Zergling x2  
  157  11:59  Baneling x16  
  159  12:07  Zergling x2  
  159  12:08  Zergling x10  
  157  12:11  Overlord  
  152  12:20  Mutalisk  
  152  12:21  Mutalisk x2  
  152  12:22  Drone x4  
  143  12:24  Drone  
  143  12:25  Drone  
  144  12:33  Mutalisk x3  
  150  12:39  Mutalisk  
  150  12:41  Overlord x2  
  152  12:45  Overlord  
  152  12:47  Baneling  
  145  13:03  Extractor  
  145  13:04  Infestation Pit, Zergling x28  
  157  13:09  Zergling x6  
  157  13:12  Overseer  
  160  13:14  Baneling x7  
  160  13:15  Baneling  
  160  13:21  Zergling x12  
  160  13:23  Baneling  
  160  13:24  Baneling x4  
  160  13:25  Baneling x3  
  160  13:26  Baneling  
  166  13:27  Baneling  
  166  13:29  Overlord  
  162  13:36  Baneling x7  
  162  13:45  Zergling x2  
  162  13:46  Zergling x18  
  144  13:50  Zergling x6  
  144  13:51  Zergling x2  
  129  14:03  Drone x2  
  129  14:04  Hatchery, Drone  
  129  14:06  Drone  
  129  14:08  Drone  
  133  14:10  Drone  
  133  14:11  Drone  
  133  14:13  Drone  
  136  14:18  Baneling  
  136  14:19  Baneling x6  
  136  14:22  Zergling x4  
  138  14:28  Zergling x8  
Show
View Real Time Build Order
Export as new Build Order

Garitos Zerg 

Build Orders: Hatch First 

Get SALT Encoding   

  12  0:00  Drone  
  13  0:16  Overlord  
  13  0:20  Drone  
  14  0:34  Drone x2  
  16  0:39  Drone  
  17  0:54  Hatchery  
  17  0:56  Drone  
  17  1:00  Drone  
  18  1:08  Extractor  
  17  1:17  Spawning Pool  
  16  1:19  Drone  
  16  1:24  Drone  
  18  1:33  Drone  
  19  1:42  Overlord  
  19  2:05  Queen  
  19  2:06  Queen  
  19  2:07  Zergling x2  
  25  2:08  Drone x2  
  25  2:11  Metabolic Boost  
  27  2:22  Drone  
  27  2:23  Drone  
  28  2:33  Baneling Nest, Zergling x4  
  28  2:36  Drone  
  30  2:38  Drone  
  31  2:59  Hatchery  
  31  3:03  Drone  
  31  3:04  Drone  
  31  3:05  Drone  
  33  3:08  Drone  
  33  3:20  Baneling x4  
  33  3:22  Zergling x4  
  33  3:23  Zergling x2  
  33  3:26  Overlord  
  36  3:32  Overlord  
  36  3:33  Overlord  
  36  3:44  Queen  
  36  3:46  Extractor  
  36  3:47  Drone x3  
  40  3:54  Roach Warren  
  39  3:57  Drone  
  39  3:59  Drone  
  39  4:01  Drone  
  41  4:14  Drone x2  
  41  4:15  Overlord  
  42  4:34  Roach x7  
  42  4:35  Roach  
  58  4:38  Baneling  
  58  4:39  Baneling x2  
  58  4:41  Zergling x2  
  58  4:43  Zergling x2  
  60  4:48  Zergling x6  
  63  4:59  Zergling x8  
  64  5:05  Zergling x2  
  64  5:06  Overlord  
  65  5:09  Baneling x2  
  65  5:11  Overlord  
  65  5:16  Evolution Chamber  
  65  5:20  Drone x2  
  65  5:25  Baneling, Overlord  
  57  5:45  Roach x3  
  57  5:46  Zergling x16  
  68  6:06  Roach x2  
  68  6:07  Overlord, Roach x3  
  68  6:10  Overlord  
  78  6:13  Drone  
  79  6:29  Lair  
  79  6:31  Spore Crawler  
  79  6:32  Spore Crawler  
  75  6:39  Roach x3  
  81  6:40  Roach x2  
  81  6:41  Roach  
  81  6:44  Roach  
  74  6:49  Drone x3  
  74  6:53  Drone  
  74  6:54  Drone  
  73  6:56  Spore Crawler  
  73  7:00  Drone x2  
  71  7:06  Drone x3  
  70  7:09  Spore Crawler  
  65  7:25  Drone x5  
  65  7:26  Drone x2  
  65  7:27  Spore Crawler  
  65  7:30  Spore Crawler  
  64  7:38  Drone x2  
  64  7:39  Centrifical Hooks, Hydralisk Den  
  64  7:41  Drone  
  66  7:46  Roach x2  
  66  7:49  Roach  
  66  7:51  Drone x2  
  74  7:55  Zerg Missile Weapons Level 1  
  74  7:57  Drone  
  74  7:58  Drone  
  76  8:01  Extractor  
  73  8:15  Drone x2  
  73  8:16  Drone  
  73  8:20  Drone x5  
  73  8:22  Drone x2  
  73  8:23  Grooved Spines  
  73  8:26  Zergling x4  
  73  8:27  Zergling x6  
  77  8:32  Hydralisk  
  80  8:36  Hydralisk x2  
  80  8:40  Extractor  
  83  8:41  Hydralisk  
  83  8:42  Hydralisk  
  83  8:45  Extractor  
  83  8:47  Drone  
  83  8:48  Drone x2  
  87  8:50  Overlord  
  87  8:54  Overlord, Queen  
  87  8:55  Hydralisk  
  89  8:58  Hydralisk  
  93  9:09  Hydralisk x2  
  97  9:11  Drone  
  97  9:12  Overlord  
  97  9:13  Extractor  
  97  9:14  Hydralisk x2  
  98  9:32  Hydralisk  
  98  9:35  Hydralisk x3  
  98  9:37  Overlord, Zergling x6  
  108  9:40  Zergling x10  
  108  9:41  Zergling x2  
  108  9:42  Muscular Augments  
  114  9:53  Baneling x2  
  114  9:54  Overlord  
  114  9:56  Overlord, Zerg Melee Weapons Level 1  
  114  9:58  Zergling x2  
  115  10:02  Hydralisk, Zergling x8  
  121  10:14  Zergling x10  
  123  10:15  Unknown, Zergling x2  
  123  10:17  Baneling x3, Unknown x2  
  126  10:27  Hydralisk x3  
  129  10:29  Hydralisk  
  129  10:32  Hydralisk x2, Zergling x4  
  137  10:42  Hydralisk x2  
  133  10:46  Overlord  
  133  10:47  Overlord x2  
  137  10:53  Overlord  
  137  10:59  Baneling x6  
  137  11:00  Baneling x2, Overlord  
  137  11:05  Hydralisk  
  137  11:06  Baneling x3  
  137  11:07  Baneling x4, Hydralisk x2  
  137  11:09  Hydralisk  
  137  11:10  Hydralisk  
  146  11:12  Hydralisk  
  146  11:15  Hydralisk  
  148  11:20  Hydralisk x2  
  152  11:26  Hydralisk  
  152  11:27  Hydralisk x2  
  152  11:29  Hydralisk x2  
  152  11:30  Zergling x2  
  152  11:32  Overlord  
  163  11:33  Hydralisk  
  163  11:35  Baneling  
  163  11:36  Baneling  
  165  11:44  Hatchery  
  165  11:46  Hydralisk x3  
  168  11:48  Zergling x6  
  168  11:54  Hydralisk x3  
  169  11:56  Hydralisk  
  169  11:59  Hydralisk  
  179  12:02  Zergling x6  
  176  12:10  Zergling x8  
  176  12:11  Zergling x6  
  181  12:21  Hydralisk  
  181  12:22  Hydralisk  
  141  12:23  Hydralisk x2  
  141  12:24  Zergling x4  
  141  12:27  Baneling x6  
  141  12:30  Baneling  
  141  12:31  Baneling x5  
  141  12:33  Baneling  
  141  12:35  Baneling x2  
  139  12:41  Baneling  
  139  12:43  Baneling  
  139  12:46  Hydralisk x2  
  139  12:48  Hydralisk  
  139  12:49  Baneling  
  139  12:50  Zergling x4  
  139  12:51  Zergling x2  
  148  12:52  Unknown  
  148  12:53  Unknown  
  144  13:00  Hydralisk  
  144  13:03  Hydralisk x3, Zergling x4  
  144  13:05  Zergling x8  
  157  13:10  Baneling  
  157  13:11  Zergling x2  
  158  13:14  Zergling x2  
  158  13:15  Zergling x2  
  156  13:23  Hydralisk  
  158  13:27  Hydralisk  
  158  13:32  Hydralisk x2  
  158  13:36  Zergling x2  
  142  13:50  Hydralisk x5  
  120  13:55  Hydralisk x2  
  120  13:56  Hydralisk  
  120  13:57  Hydralisk  
  120  13:58  Zergling x2  
  120  13:59  Zergling x4  
  99  14:09  Hydralisk x3  
  99  14:16  Hydralisk  
  107  14:20  Hydralisk x2  
Tags
 
Add a new tag
Caveats
  • Supply blocks, unpowered buildings, or Contaminate may cause inaccurate times.
  • Supply counts are checked every 10 seconds.